Map: Dusk Towers

Players

Whiteout

  • Race: Protoss Protoss
  • League: Master

Annihilator - Winner!

  • Race: Protoss Protoss
  • League: Master

VOD

Have the link to the VOD?

Description

Time

  • Played on: Nov. 18, 2015, 7:36 p.m.
  • Length: 5:40
Show
View Real Time Build Order
Export as new Build Order

Whiteout Protoss 

Build Orders:  

Get SALT Encoding   

  12  0:01  Probe (Chrono Boost)  
  13  0:11  Probe (Chrono Boost)  
  14  0:18  Pylon  
  14  0:22  Probe (Chrono Boost)  
  15  0:36  Probe (Chrono Boost)  
  15  0:37  Gateway  
  16  0:47  Probe (Chrono Boost)  
  16  0:48  Assimilator  
  17  0:53  Assimilator  
  17  0:57  Probe (Chrono Boost)  
  18  1:08  Probe (Chrono Boost)  
  18  1:10  Pylon  
  19  1:19  Probe (Chrono Boost)  
  20  1:27  Cybernetics Core  
  20  1:29  Probe (Chrono Boost)  
  22  1:40  Probe (Chrono Boost)  
  22  1:50  Probe (Chrono Boost)  
  23  2:01  Probe (Chrono Boost)  
  24  2:04  Stargate  
  24  2:12  Mothership Core (Chrono Boost)  
  24  2:13  Adept (Chrono Boost)  
  28  2:18  Warp Gate  
  28  2:39  Adept (Chrono Boost)  
  30  2:48  Nexus  
  30  2:49  Pylon  
  30  3:12  Pylon x2  
  30  3:19  Probe  
  31  3:23  Void Ray (Chrono Boost)  
  35  3:35  Probe  
  35  3:40  Stalker (Chrono Boost)  
  24  4:21  Probe  
  20  4:37  Probe  
  21  4:48  Probe  
  22  4:58  Probe  
  23  5:09  Probe  
Show
View Real Time Build Order
Export as new Build Order

Annihilator Protoss - Winner!

Build Orders:  

Get SALT Encoding   

  12  0:01  Probe (Chrono Boost)  
  13  0:12  Probe (Chrono Boost)  
  14  0:19  Pylon  
  14  0:22  Probe (Chrono Boost)  
  15  0:38  Probe (Chrono Boost)  
  15  0:40  Gateway  
  16  0:46  Assimilator  
  16  0:48  Probe (Chrono Boost)  
  17  0:53  Assimilator  
  17  0:59  Probe (Chrono Boost)  
  18  1:09  Probe (Chrono Boost)  
  19  1:20  Probe (Chrono Boost)  
  20  1:27  Cybernetics Core  
  20  1:30  Probe (Chrono Boost)  
  21  1:34  Pylon  
  21  1:41  Probe (Chrono Boost)  
  22  1:48  Pylon  
  22  1:51  Probe (Chrono Boost)  
  23  2:03  Stargate  
  23  2:07  Stalker  
  25  2:09  Warp Gate (Chrono Boost)  
  25  2:22  Gateway  
  25  2:37  Stalker  
  27  2:46  Void Ray (Chrono Boost)  
  31  2:53  Gateway  
  31  3:08  Stalker  
  33  3:24  Void Ray (Chrono Boost)  
  24  4:01  Void Ray (Chrono Boost)  
Tags
 
Add a new tag
Caveats
  • Supply blocks, unpowered buildings, or Contaminate may cause inaccurate times.
  • Supply counts are checked every 10 seconds.